 Dungeon Crawl Stone Soup version bcrawl-1.27.3 (webtiles) character file.

Game seed: 16067146933984179753

161674 Freyura the Shield-Bearer (level 5, -11/47 HPs)
             Began as a Gnoll Fighter on Aug 9, 2020.
             Mangled by an ogre
             ... wielding a +0 giant club
              (19 damage)
             ... on level 3 of the Dungeon.
             The game lasted 00:07:05 (1913 turns).

Freyura the Shield-Bearer (Gnoll Fighter)           Turns: 1913, Time: 00:07:06

Health: -11/47     AC: 14    Str: 18    XL:     5   Next: 20%
Magic:  7/7        EV:  7    Int: 11    God:
Gold:   158        SH: 10    Dex: 15    Spells: 6/6 levels left

rFire    . . .     SeeInvis .   k - +2 flail (protect)
rCold    . . .     Gourm    .   c - +0 medium shield
rNeg     . . .     Faith    .   b - +0 scale mail
rPois    .         Spirit   .   (no helmet)
rElec    .         Reflect  .   n - scarf {stasis}
rCorr    .         Harm     .   (no gloves)
MR       .....                  (no boots)
Stlth    ..........             (no amulet)
HPRegen  0.15/turn              (no ring)
MPRegen  0.10/turn              (no ring)

@: protection aura
A: distributed training, fangs 1, strong nose
a: no special abilities


You were on level 3 of the Dungeon.
You were hungry.

You visited 1 branch of the dungeon, and saw 3 of its levels.

You collected 158 gold pieces.

Inventory:

Hand Weapons
 a - a +1 flail
 k - a +2 flail of protection (weapon)
Missiles
 v - a throwing net {=f}
Armour
 b - a +0 scale mail (worn)
 c - a +0 medium shield (worn)
 n - a scarf of stasis (worn)
 r - a +0 helmet
Scrolls
 f - a scroll of magic mapping
 i - a scroll of teleportation
 j - a scroll of amnesia
 l - 2 scrolls of identify
 m - 2 scrolls of remove curse
 t - a scroll of immolation {unknown}
Potions
 d - a potion of might
 g - a potion of brilliance {unknown}
 h - 2 potions of berserk rage {unknown}
 p - a potion of lignification {unknown}
 q - a potion of heal wounds {unknown}
 s - a potion of agility {unknown}
 u - a potion of flight {unknown}
Comestibles
 e - 5 rations {!d}
 o - 3 chunks of flesh


   Skills:
 + Level 6.6 Fighting
 + Level 1.3 Short Blades
 + Level 1.3 Long Blades
 + Level 1.3 Axes
 + Level 4.7 Maces & Flails
 + Level 1.3 Polearms
 + Level 1.3 Staves
 + Level 1.3 Slings
 + Level 1.3 Bows
 + Level 1.3 Crossbows
 + Level 1.3 Throwing
 + Level 6.6 Armour
 + Level 1.3 Dodging
 + Level 1.3 Stealth
 + Level 6.6 Shields
 + Level 1.3 Unarmed Combat
 + Level 1.3 Spellcasting
 + Level 1.1 Conjurations
 + Level 1.1 Hexes
 + Level 1.1 Charms
 + Level 1.1 Summonings
 + Level 1.1 Necromancy
 + Level 1.1 Translocations
 + Level 1.1 Transmutations
 + Level 1.1 Fire Magic
 + Level 1.1 Ice Magic
 + Level 1.1 Air Magic
 + Level 1.1 Earth Magic
 + Level 1.1 Poison Magic
 + Level 1.5 Invocations
 + Level 1.3 Evocations


You had 6 spell levels left.
You didn't know any spells.
Your spell library was empty.

Dungeon Overview and Level Annotations

Branches:
Dungeon (3/12)

Altars:


Innate Abilities, Weirdness & Mutations

Your experience applies equally to all skills.
You have very sharp teeth.
Your uncanny sense of smell can sniff out nearby items.


Message History

The ogre hits you with a +0 giant club!
You are too injured to fight recklessly!
You are too injured to fight recklessly!
You are too injured to fight recklessly!
You completely miss the ogre.
The ogre is lightly wounded.
The ogre barely misses you.
A hobgoblin comes into view. It is wielding a +0 club.
You sock the ogre!
The ogre is heavily wounded.
The ogre hits you with a +0 giant club!
* * * LOW HITPOINT WARNING * * *
You hit the ogre. You bite the ogre.
The ogre is heavily wounded.
The ogre barely misses you.
You sock the ogre! You bite the ogre, but do no damage.
The ogre is almost dead.
The ogre completely misses you.
The ogre hits you with a +0 giant club!!
You die...

#############
#.#.#...#.#.#
##.#..#.†#@##
#.#.)###.O#.#
##..## ##g.##
###..## ##..#
#####...## ∆
..#
......#..#
..#
.#######..#
.## .# #..#
#. .# #..# #


You could see an ogre and a hobgoblin.

Vanquished Creatures
  An orc wizard (D:3)
  4 gnolls (D:2)
  2 adders
  2 leopard geckos (D:2)
  5 orcs
  3 giant cockroaches (D:1)
  7 hobgoblins
  3 quokkas
  A ball python (D:2)
  5 bats
  2 frilled lizards
  3 goblins (D:1)
  5 kobolds
  A rat (D:1)
44 creatures vanquished.

Notes
Turn   | Place    | Note
-------+----------+-------------------------------------------
     0 | D:1      | Freyura the Gnoll Fighter began the quest for the Orb.
     0 | D:1      | Reached XP level 1. HP: 23/23 MP: 1/1
   451 | D:1      | Reached XP level 2. HP: 29/29 MP: 2/2
  1128 | D:2      | Reached XP level 3. HP: 30/35 MP: 3/3
  1462 | D:2      | Reached skill level 1 in Invocations
  1478 | D:2      | Reached skill level 1 in Short Blades
  1478 | D:2      | Reached skill level 1 in Long Blades
  1478 | D:2      | Reached skill level 1 in Axes
  1478 | D:2      | Reached skill level 1 in Polearms
  1478 | D:2      | Reached skill level 1 in Staves
  1478 | D:2      | Reached skill level 1 in Slings
  1478 | D:2      | Reached skill level 1 in Bows
  1478 | D:2      | Reached skill level 1 in Crossbows
  1478 | D:2      | Reached skill level 1 in Throwing
  1478 | D:2      | Reached skill level 1 in Dodging
  1478 | D:2      | Reached skill level 1 in Stealth
  1478 | D:2      | Reached skill level 1 in Unarmed Combat
  1478 | D:2      | Reached skill level 1 in Spellcasting
  1478 | D:2      | Reached skill level 1 in Evocations
  1489 | D:2      | Reached XP level 4. HP: 24/41 MP: 5/5
  1786 | D:3      | Reached skill level 1 in Conjurations
  1786 | D:3      | Reached skill level 1 in Hexes
  1786 | D:3      | Reached skill level 1 in Charms
  1786 | D:3      | Reached skill level 1 in Summonings
  1786 | D:3      | Reached skill level 1 in Necromancy
  1786 | D:3      | Reached skill level 1 in Translocations
  1786 | D:3      | Reached skill level 1 in Transmutations
  1786 | D:3      | Reached skill level 1 in Fire Magic
  1786 | D:3      | Reached skill level 1 in Ice Magic
  1786 | D:3      | Reached skill level 1 in Air Magic
  1786 | D:3      | Reached skill level 1 in Earth Magic
  1786 | D:3      | Reached skill level 1 in Poison Magic
  1786 | D:3      | Reached XP level 5. HP: 45/47 MP: 6/6
  1904 | D:3      | Noticed an ogre
  1913 | D:3      | Mangled by an ogre

Skill      XL: |  1  2  3  4 |
---------------+-------------+-----
Invocations    | 1 |  1.5
Short Blades   | 1 |  1.3
Long Blades    | 1 |  1.3
Axes           | 1 |  1.3
Polearms       | 1 |  1.3
Staves         | 1 |  1.3
Slings         | 1 |  1.3
Bows           | 1 |  1.3
Crossbows      | 1 |  1.3
Throwing       | 1 |  1.3
Dodging        | 1 |  1.3
Stealth        | 1 |  1.3
Unarmed Combat | 1 |  1.3
Spellcasting   | 1 |  1.3
Evocations     | 1 |  1.3
Conjurations   | 1 |  1.1
Hexes          | 1 |  1.1
Charms         | 1 |  1.1
Summonings     | 1 |  1.1
Necromancy     | 1 |  1.1
Translocations | 1 |  1.1
Transmutations | 1 |  1.1
Fire Magic     | 1 |  1.1
Ice Magic      | 1 |  1.1
Air Magic      | 1 |  1.1
Earth Magic    | 1 |  1.1
Poison Magic   | 1 |  1.1
Fighting       | |  6.6
Maces & Flails | |  4.7
Armour         | |  6.6
Shields        | |  6.6

Action                   |  1- 3 |  4- 6 || total
-------------------------+-------+-------++-------
Melee: Flail             |    85 |    54 ||   139
       Bite              |    16 |     7 ||    23
  Use: Scroll            |       |     7 ||     7
  Eat: Chunk             |     5 |     2 ||     7
Armor: Scale mail        |    32 |    10 ||    42
Dodge: Dodged            |    19 |    13 ||    32
Block: Medium shield     |    52 |    24 ||    76
